 Dungeon Crawl Stone Soup version 0.30-a0-149-g7f746667c4 (webtiles) character file.

Game seed: 9422085052187304728

476 purpskrrrp the Ruffian (level 6, 0/93 HPs)
             Began as a Troll Fighter on Sept 27, 2022.
             Was a Priest of Makhleb.
             Succumbed to Duvessa's poison
             ... on level 4 of the Dungeon.
             The game lasted 00:07:00 (2172 turns).

purpskrrrp the Ruffian (Troll Fighter)              Turns: 2172, Time: 00:07:01

Health: 0/93       AC: 23    Str: 27    XL:     6   Next: 85%
Magic:  5/5        EV:  1    Int:  4    God:    Makhleb [***...]
Gold:   98         SH:  9    Dex:  9    Spells: 5/5 levels left

rFire   . . .      SeeInvis .      - Unarmed
rCold   . . .      Faith    .    b - +1 kite shield
rNeg    . . .      Spirit   .    (body armour currently unavailable)
rPois   +          Reflect  .    (helmet currently unavailable)
rElec   .          Harm     .    (cloak currently unavailable)
rCorr   .          Rampage  .    (gloves unavailable)
Will    .....      NoTele   +    (boots unavailable)
Stlth   +.........               (no amulet)
HPRegen 1.05/turn                (no ring)
MPRegen 0.09/turn                (no ring)

@: lethally poisoned (0 -> -3), tree-form (expiring)
A: stationary, stasis, torment immunity, boosted hp, large, unfitting armour,
(claws 3), regeneration 1, (shaggy fur 1), (tough skin 1), (poison resistance),
(teleportitis 1)
a: Renounce Religion, Minor Destruction, Lesser Servant of Makhleb


You were on level 4 of the Dungeon.
You worshipped Makhleb.
Makhleb was most pleased with you.
You were a tree.
You visited 1 branch of the dungeon, and saw 4 of its levels.

You collected 98 gold pieces.

Inventory:

Armour
 a - a +0 robe (melded)
 b - a +1 kite shield (worn)
 o - a +2 hat (melded)
 r - a +0 cloak (melded)
Jewellery
 i - a ring of protection from cold
 k - an amulet of faith
 l - the amulet of Puoro {Fly rPois Will+ Regen+}
   (You found it on level 3 of the Dungeon)

   [amulet of regeneration]

   rPois:     It protects you from poison.
   Fly:       It grants you flight.
   Regen:     It increases your rate of health regeneration.
   Will:      It increases your willpower.
 p - a +6 ring of strength
Wands
 u - a wand of flame (20)
Scrolls
 e - a scroll of immolation
 f - 3 scrolls of identify
 g - 3 scrolls of teleportation
 q - a scroll of enchant armour
 s - a scroll of brand weapon {unknown}
 t - 3 scrolls of noise {unknown}
 v - a scroll of enchant weapon {unknown}
Potions
 c - a potion of flight {unknown}
 j - 2 potions of degeneration
 m - a potion of lignification


   Skills:
 + Level 3.8 Fighting
 - Level 2.4 Dodging
 + Level 4.2 Shields
 * Level 5.4 Unarmed Combat


You had 5 spell levels left.
You didn't know any spells.
Your spell library was empty.

Dungeon Overview and Level Annotations

Branches:
Dungeon (4/15)
 Temple: D:4-7

Altars:
Makhleb

Shops:
D:4 =


Innate Abilities, Weirdness & Mutations

You are a tree.
Your roots penetrate the ground, keeping you stationary.
You cannot be teleported.
You are immune to unholy pain and torment.
Your maximum health is greatly increased.
Your equipment is partially melded.
You are too large for most types of armour.
((You have claws for hands.))
Your natural rate of healing is unusually fast.
((You are covered in fur. (AC +1)))
((You have tough skin. (AC +1)))
((Your system is resistant to poisons. (rPois)))
((You are occasionally teleported next to monsters.))


Message History

You feel very sick. You block the giant cockroach's attack.
Duvessa hits you but does no damage.
The giant cockroach bites you but does no damage.
Duvessa hits you with a +2 short sword of venom!
* * * LOW HITPOINT WARNING * * *
Really quaff the potion of lignification?
You are stuck in your current form!
You barely miss Duvessa.
Duvessa is almost dead.
You are no longer glowing.
* * * LOW HITPOINT WARNING * * *
You feel very sick. Duvessa hits you but does no damage.
The giant cockroach bites you but does no damage.
You smack Duvessa!
You kill Duvessa!
Makhleb accepts your kill.
You feel better.
* * * LOW HITPOINT WARNING * * *
You feel very sick.
The giant cockroach bites you but does no damage.
You smack the giant cockroach!
You kill the giant cockroach!
Makhleb accepts your kill.
You feel better.
* * * LOW HITPOINT WARNING * * *
You feel very sick.
Okay, then.
It was a potion of mutation.
You feel extremely strange.
You feel stronger.
You feel agile.
You feel a strange attunement to the structure of the dungeons.
* * * LOW HITPOINT WARNING * * *
You feel sick.
Okay, then.
Okay, then.
Really quaff the potion of mutation?
You feel extremely strange.
You feel weaker.
You feel slightly disoriented.
You feel clumsy.
You feel resistant to poisons.
You feel weirdly uncertain.
You die...

#.........#≈♣.♣≈#.
#.....†...'..∩..'. **
#........##≈♣.♣≈#. ##
#...##..###≈≈≈≈≈#. #..
###.......#########.
#...#.#.....###.>.......
##.........## ...[......
...........#, ..........
......)♣...#, ###.....#.
#.....†)......# ##....#.
#.......[...### #.......
#...........# ##......
#...........# #...#...
##..........# * ##.##...
............. # #...
#..#..........,, , #...
, #....


There were no monsters in sight!

Vanquished Creatures
  Duvessa (D:4)
  An ogre (D:4)
  Dowan (D:4)
  Terence (D:2)
  An orc wizard (D:3)
  Robin (D:3)
  8 adders
  2 worms (D:4)
  3 dart slugs
  8 orcs
  4 endoplasms
  3 giant cockroaches
  14 goblins
  11 hobgoblins
  7 jackals (D:2)
  3 kobolds
  3 quokkas
  6 ball pythons
  4 bats (D:1)
  2 frilled lizards (D:2)
  8 rats
92 creatures vanquished.

Notes
Turn   | Place    | Note
-------+----------+-------------------------------------------
     0 | D:1      | purpskrrrp the Troll Fighter began the quest for the Orb.
     0 | D:1      | Reached XP level 1. HP: 22/22 MP: 0/0
    84 | D:1      | Reached XP level 2. HP: 29/29 MP: 1/1
   206 | D:1      | Found a faded altar of an unknown god.
   524 | D:1      | Prayed at the altar of an unknown god.
   524 | D:1      | Became a worshipper of Makhleb the Destroyer
   524 | D:1      | Reached * piety under Makhleb
   555 | D:2      | Reached XP level 3. HP: 36/36 MP: 2/2
   566 | D:2      | Reached skill level 3 in Unarmed Combat
   857 | D:2      | Noticed Terence
   875 | D:2      | Killed Terence
   876 | D:2      | Reached XP level 4. HP: 33/44 MP: 3/3
   895 | D:2      | Reached ** piety under Makhleb
  1202 | D:3      | Noticed Robin
  1215 | D:3      | Killed Robin
  1216 | D:3      | Reached XP level 5. HP: 51/53 MP: 4/4
  1219 | D:3      | Reached skill level 4 in Unarmed Combat
  1599 | D:3      | Identified the amulet of Puoro {Fly rPois Will+ Regen+}
  1844 | D:3      | Reached *** piety under Makhleb
  1945 | D:4      | Noticed an ogre
  1951 | D:4      | Killed an ogre
  1952 | D:4      | Reached XP level 6. HP: 39/61 MP: 5/5
  2107 | D:4      | Found Keypump's Jewellery Emporium.
  2146 | D:4      | Noticed Dowan
  2147 | D:4      | Noticed Duvessa
  2151 | D:4      | Killed Dowan
  2152 | D:4      | Reached skill level 5 in Unarmed Combat
  2155 | D:4      | HP: 4/91 [Duvessa/+2 short sword of venom (13)]
  2157 | D:4      | HP: 1/91 [Duvessa/+2 short sword of venom (13)]
  2168 | D:4      | HP: 2/91 [poisoned by Duvessa]
  2169 | D:4      | Killed Duvessa
  2171 | D:4      | Gained mutation: Your muscles are strong. (Str +4, Int/Dex
                  | -1) [potion of mutation]
  2171 | D:4      | Gained mutation: You are agile. (Dex +4, Str/Int -1)
                  | [potion of mutation]
  2171 | D:4      | Gained mutation: You passively map a small area around you.
                  | [potion of mutation]
  2172 | D:4      | Lost mutation: Your muscles are strong. (Str +4, Int/Dex
                  | -1) [potion of mutation]
  2172 | D:4      | Lost mutation: You passively map a small area around you.
                  | [potion of mutation]
  2172 | D:4      | Lost mutation: You are agile. (Dex +4, Str/Int -1) [potion
                  | of mutation]
  2172 | D:4      | Gained mutation: Your system is resistant to poisons.
                  | (rPois) [potion of mutation]
  2172 | D:4      | Gained mutation: You are occasionally teleported next to
                  | monsters. [potion of mutation]
  2172 | D:4      | Succumbed to Duvessa's poison

Illustrated notes

Levels and vault maps discovered:
D:1:      psy_arrival_statuary, layout_rooms, dreamdust_ecumenical_altar_grove,
          st_stairs_13, minmay_misc_feat_encased, serial_park_tiny_1
D:2:      layout_basic, corexii_item_surrounded_by_moat, uniq_terence
D:3:      layout_basic, uniq_robin
D:4:      layout_cave_pools, grunt_temple_overflow_growth_and_decay,
          serial_shops, kennysheep_little_box, uniq_duvessa

Skill      XL: |  1  2  3  4  5  6 |
---------------+-------------------+-----
Shields        | 3 4 |  4.2
Unarmed Combat | 3 4 5 |  5.4
Fighting       | 3 |  3.8
Dodging        | |  2.4

Action                   |  1- 3 |  4- 6 || total
-------------------------+-------+-------++-------
Melee: Unarmed           |   102 |   158 ||   260
Invok: Minor Destruction |       |     1 ||     1
  Use: Scroll            |       |     7 ||     7
       Potion            |       |     9 ||     9
 Stab: Sleeping          |     2 |       ||     2
Armor: Robe              |    40 |    63 ||   103
       Skin              |       |    24 ||    24
Dodge: Dodged            |    42 |    54 ||    96
Block: Kite shield       |    47 |    91 ||   138

Table legend: (Time is in decaauts)
 A = Elapsed time spent in this place.
 B = Non-inter-level travel time spent in this place.
 C = Inter-level travel time spent in this place.
 D = Time resting spent in this place.
 E = Time spent auto-exploring this place.
 F = Levels seen in this place.
 G = Mean time per level.
                   A        B        C        D        E       F      G
               +--------+--------+--------+--------+--------+-----+--------+
         Total |   2189 |   2064 |    125 |     25 |   1484 |   4 |  547.2 |
       Dungeon |   2189 |   2064 |    125 |     25 |   1484 |   4 |  547.2 |
               +--------+--------+--------+--------+--------+-----+--------+

Top non-repeatable levels by time:
     D:3: 758 daAuts
     D:2: 651 daAuts
     D:1: 549 daAuts
     D:4: 229 daAuts
